 Dungeon Crawl Stone Soup version 0.23.0 (webtiles) character file.

Game seed: 3498375942009949591

13675 Infinimo the Grappler (level 11, -2/135 HPs)
             Began as a Demonspawn Berserker on Feb 14, 2019.
             Was an Elder of Trog.
             Slain by a sun demon (5 damage)
             ... summoned by a kobold demonologist
             ... on level 11 of the Dungeon.
             The game lasted 00:14:09 (12471 turns).

Infinimo the Grappler (Demonspawn Berserker)       Turns: 12471, Time: 00:14:10

Health: -2/135     AC: 12    Str: 25    XL:     11   Next: 78%
Magic:  0/11       EV:  8    Int:  9    God:    Trog [****..]
Gold:   540        SH:  2    Dex: 13    Spells: 10/10 levels left

rFire    + . .     SeeInvis .     - Unarmed
rCold    x . .     Gourm    .   (no shield)
rNeg     . . .     Faith    .   t - +0 plate armour
rPois    .         Spirit   +   j - +1 hat {MR+}
rElec    .         Reflect  +   v - +0 cloak
rCorr    .         Harm     .   (no gloves)
MR       +....                  f - +1 pair of boots
Stlth    ..........             l - +2 amulet of reflection
HPRegen  0.32/turn              s - ring of fire
MPRegen  0.24/turn              (no ring)

@: berserking, corroded, sanguine armour, very quick
A: claws 1, demonic guardian 1, magic shield, magic regeneration, magic link,
sanguine armour 1
a: Berserk, Trog's Hand, Brothers in Arms, Renounce Religion


You were on level 11 of the Dungeon.
You worshipped Trog.
Trog was greatly pleased with you.
You were hungry.

You visited 1 branch of the dungeon, and saw 11 of its levels.

You collected 540 gold pieces.

Inventory:

Armour
 f - a +1 pair of boots (worn)
 j - a +1 hat of magic resistance (worn)
 t - a +0 plate armour (worn)
 v - a +0 cloak (worn)
Jewellery
 l - a +2 amulet of reflection (around neck)
 s - a ring of fire (left claw)
 A - a +4 ring of dexterity {unknown}
Wands
 o - a wand of iceblast (10)
 p - a wand of disintegration (9)
 C - a wand of scattershot (3)
Scrolls
 a - 2 scrolls of fog
 b - 3 scrolls of identify
 d - 2 scrolls of enchant weapon
 n - 8 scrolls of remove curse
 w - 2 scrolls of torment
 y - a scroll of teleportation
 z - a scroll of fear
 B - a scroll of amnesia {unknown}
Potions
 e - 3 potions of degeneration
 g - 3 potions of mutation
 h - 2 potions of curing
 i - 3 potions of heal wounds
 k - 2 potions of agility
 m - 4 potions of flight
 q - 2 potions of invisibility
 r - a potion of resistance
 u - a potion of ambrosia
Comestibles
 c - 19 rations
 x - 5 chunks of flesh


   Skills:
 + Level 10.1 Fighting
   Level 4.1 Long Blades
 + Level 9.1 Armour
 - Level 1.7 Dodging
 * Level 11.8 Unarmed Combat


You had 10 spell levels left.
You didn't know any spells.
Your spell library was empty.

Dungeon Overview and Level Annotations

Branches:
Dungeon (11/15)            Temple (0/1) D:6            Lair (0/6) D:8
    Orc: D:9-12

Altars:
Ashenzari
Cheibriados
Elyvilon
Fedhas
Makhleb
Nemelex Xobeh
Qazlal
Trog
Uskayaw
Vehumet
Wu Jian
Yredelemnul


Innate Abilities, Weirdness & Mutations

You have sharp fingernails.
A weak demonic guardian rushes to your aid.
When hurt, damage is shared between your health and your magic reserves.
You regenerate magic rapidly.
When low on magic, you restore magic in place of health.
When seriously injured, your bleeding wounds create armour. (AC +6)


Message History

You kill the white imp!
You scratch the sun demon but do no damage.
The sun demon hits you.
You are engulfed in flames.
You resist.
The kobold demonologist hits you with a +0 dagger.
You are too injured to fight recklessly!
A red film seems to cover your vision as you go berserk!
You feel yourself moving faster!
You feel mighty!
You are feeling hungry.
The sun demon hits you!
You are engulfed in flames!
You resist.
The kobold demonologist looks braver for a moment.
The sun demon hits you!
* * * LOW HITPOINT WARNING * * *
You are engulfed in flames!
You resist.
* * * LOW HITPOINT WARNING * * *
You mangle the kobold demonologist!!
The kobold demonologist is severely wounded.
The sun demon hits you!!
* * * LOW HITPOINT WARNING * * *
You are engulfed in flames.
You resist.
You die...

##.## #..#
.K..... ##.#
K...... #.##
K...... #..#
K...... ##.##
K.?.... #.5#
.KK....
##5#####......K
#@##........#
#K3>..(.#####
#.(.##### #.###
#... #....
...##. .... #.
....


You could see a sun demon, a kobold demonologist, a friendly iron imp and a
friendly white imp.

Vanquished Creatures
  Gastronok (D:8)
  The ghost of Laan the Cleaver, a novice GrFi of the Shining One (D:8)
  Pikel (D:8)
  An ugly thing (D:10)
  An elephant (D:7)
  The ghost of P0WERM0DE the Shield-Bearer, a novice DDFi of Gozag (D:5)
  A centaur skeleton (D:10)
  4 kobold demonologists (D:11)
  2 trolls (D:9)
  A hippogriff (D:8)
  11 yaks
  A spriggan (D:7)
  2 vampires
  Eustachio (D:5)
  A basilisk (D:8)
  Edmund (D:6)
  Grum (D:11)
  A hungry ghost (D:9)
  Menkaure (D:7)
  An acid dragon (D:11)
  Duvessa (D:7)
  An ice beast (D:6)
  3 orc warriors
  A phantom (D:5)
  3 sky beasts
  An eye of draining (D:11)
  4 wolves (D:11)
  5 centaurs
  4 ogres
  2 crocodiles
  A big kobold (D:11)
  A spectral water moccasin (D:8)
  4 bullfrogs
  5 scorpions
  2 wyvern skeletons
  Dowan (D:7)
  5 killer bees (D:10)
  5 howler monkeys
  3 crimson imps
  2 bullfrog zombies
  3 jellies
  4 orc wizards
  5 hounds
  5 orc priests
  2 bullfrog skeletons
  4 iguanas
  Natasha (twice) (D:3)
  7 worker ants
  A bullfrog simulacrum (D:8)
  A hound zombie (D:7)
  3 hound skeletons
  4 gnolls (D:3)
  9 adders
  A hound simulacrum (D:8)
  2 shadow imps
  3 adder zombies
  An adder skeleton (D:4)
  A worm (D:2)
  A dart slug (D:1)
  10 leopard geckos
  18 orcs
  5 giant cockroaches
  8 goblins
  10 hobgoblins
  2 jackals (D:9)
  3 quokkas
  A ball python (D:3)
  2 bats
  5 frilled lizards
  14 kobolds
  A leopard gecko skeleton (D:5)
  A quokka skeleton (D:6)
  6 rats
234 creatures vanquished.

Vanquished Creatures (collateral kills)
  Harold (D:7)
  A yak (D:10)
  A black bear (D:8)
  A crocodile (D:8)
  A bullfrog (D:8)
  A water moccasin zombie (D:6)
  A scorpion (D:6)
  A jelly (D:7)
  A worker ant zombie (D:8)
  A leopard gecko (D:8)
  3 orcs
  A kobold (D:11)
14 creatures vanquished.

Vanquished Creatures (others)
  A howler monkey (D:8)
1 creature vanquished.

Grand Total: 249 creatures vanquished

Notes
Turn   | Place    | Note
-------+----------+-------------------------------------------
     0 | D:1      | Infinimo the Demonspawn Berserker began the quest for the
                  | Orb.
     0 | D:1      | Reached XP level 1. HP: 18/18 MP: 1/1
   219 | D:1      | Gained mutation: When hurt, damage is shared between your
                  | health and your magic reserves. [demonic ancestry]
   219 | D:1      | Reached XP level 2. HP: 20/24 MP: 2/2
   882 | D:1      | Reached ** piety under Trog
   996 | D:1      | Gained mutation: A weak demonic guardian rushes to your
                  | aid. [demonic ancestry]
   996 | D:1      | Reached XP level 3. HP: 26/29 MP: 3/3
  2196 | D:3      | Reached XP level 4. HP: 36/36 MP: 4/4
  2369 | D:3      | Noticed Natasha
  2375 | D:3      | Killed Natasha
  2375 | D:3      | Gained mutation: You have sharp fingernails. [demonic
                  | ancestry]
  2375 | D:3      | Reached XP level 5. HP: 42/42 MP: 3/5
  2478 | D:3      | Reached skill level 1 in Unarmed Combat
  2623 | D:3      | Found an ornate altar of the Wu Jian Council.
  2695 | D:3      | Reached *** piety under Trog
  2826 | D:3      | Noticed Natasha
  2834 | D:3      | Killed Natasha
  3109 | D:4      | Reached skill level 2 in Unarmed Combat
  3109 | D:4      | Gained mutation: When seriously injured, your bleeding
                  | wounds create armour. (AC +6) [demonic ancestry]
  3109 | D:4      | Reached XP level 6. HP: 48/48 MP: 6/6
  3571 | D:4      | Found a blossoming altar of Fedhas.
  3572 | D:4      | Found a stormy altar of Qazlal.
  3677 | D:4      | You fall through a shaft for 2 floors!
  3677 | D:6      | Found a shattered altar of Ashenzari.
  3690 | D:6      | Noticed an ice beast
  3703 | D:6      | Killed an ice beast
  3752 | D:6      | Reached skill level 3 in Unarmed Combat
  3924 | D:6      | Noticed Edmund
  3932 | D:6      | Killed Edmund
  3932 | D:6      | Reached XP level 7. HP: 55/55 MP: 5/7
  4006 | D:6      | Reached skill level 5 in Fighting
  4009 | D:6      | Reached skill level 4 in Unarmed Combat
  4127 | D:6      | Found a basalt altar of Yredelemnul.
  4247 | D:6      | Found a white marble altar of Elyvilon.
  4292 | D:6      | Found a staircase to the Ecumenical Temple.
  4695 | D:6      | Found a hide-covered altar of Uskayaw.
  4736 | D:6      | Gained mutation: You regenerate magic rapidly. [demonic
                  | ancestry]
  4736 | D:6      | Reached XP level 8. HP: 61/63 MP: 8/8
  4816 | D:6      | Reached skill level 5 in Unarmed Combat
  5125 | D:5      | Entered Level 5 of the Dungeon
  5336 | D:5      | Found a transporter.
  5336 | D:5      | Noticed P0WERM0DE's ghost (novice DDFi)
  5337 | D:5      | Found a transporter.
  5640 | D:5      | Noticed Eustachio
  5650 | D:5      | Killed Eustachio
  5650 | D:5      | Reached skill level 5 in Armour
  5760 | D:5      | Reached **** piety under Trog
  5931 | D:5      | Reached skill level 6 in Unarmed Combat
  6294 | D:5      | Killed P0WERM0DE's ghost
  6294 | D:5      | Reached XP level 9. HP: 71/71 MP: 9/9
  6507 | D:7      | Noticed Duvessa
  6508 | D:7      | Noticed Dowan
  6517 | D:7      | Killed Dowan
  6523 | D:7      | Killed Duvessa
  6523 | D:7      | Reached skill level 7 in Unarmed Combat
  6659 | D:7      | Noticed Harold
  6687 | D:7      | Killed Harold
  7041 | D:7      | Noticed Menkaure
  7047 | D:7      | Killed Menkaure
  7047 | D:7      | Reached skill level 8 in Unarmed Combat
  7719 | D:8      | Found a snail-covered altar of Cheibriados.
  7847 | D:8      | Gained mutation: When low on magic, you restore magic in
                  | place of health. [demonic ancestry]
  7847 | D:8      | Reached XP level 10. HP: 80/80 MP: 10/10
  7858 | D:8      | Noticed Gastronok
  8185 | D:8      | Killed Gastronok
  8185 | D:8      | Reached skill level 9 in Unarmed Combat
  8198 | D:8      | Noticed an elephant
  8404 | D:7      | Killed an elephant
  8404 | D:7      | Reached skill level 10 in Unarmed Combat
  8608 | D:8      | Found a staircase to the Lair.
  8621 | D:8      | Noticed Pikel
  8628 | D:8      | Killed Pikel
  8772 | D:8      | Found a runed translucent gate.
  8772 | D:8      | Found a runed translucent gate.
  8776 | D:8      | Found a runed translucent gate.
  8782 | D:8      | Noticed Laan's ghost (novice GrFi)
  8933 | D:8      | Killed Laan's ghost
  9116 | D:9      | Reached XP level 11. HP: 87/89 MP: 7/11
  9897 | D:9      | Found a radiant altar of Vehumet.
  9898 | D:9      | Found a burning altar of Makhleb.
  9932 | D:9      | Found a bloodstained altar of Trog.
  9932 | D:9      | Found a sparkling altar of Nemelex Xobeh.
 10643 | D:10     | Entered Level 10 of the Dungeon
 10746 | D:10     | Reached ***** piety under Trog
 10746 | D:10     | Reached skill level 11 in Unarmed Combat
 11369 | D:10     | Noticed a purple ugly thing
 11382 | D:10     | Killed a purple ugly thing
 12304 | D:11     | Noticed Grum
 12328 | D:11     | Killed Grum
 12424 | D:11     | Reached skill level 10 in Fighting
 12465 | D:11     | Noticed a sun demon
 12471 | D:11     | HP: 3/135 [sun demon[a kobold demonologist] (19)]
 12471 | D:11     | Slain by a sun demon

Skill      XL: |  1  2  3  4  5  6  7  8  9 10 11 |
---------------+----------------------------------+-----
Long Blades    | 3 4 |  4.1
Armour         | 2 3 4 5 6 8 9 |  9.1
Fighting       | 4 5 6 7 9 10 | 10.1
Unarmed Combat | 2 3 4 6 8 10 11 | 11.8
Dodging        | |  1.7

Action                   |  1- 3 |  4- 6 |  7- 9 | 10-12 || total
-------------------------+-------+-------+-------+-------++-------
Melee: Falchion          |   131 |   152 |   209 |       ||   492
       Punch             |       |     2 |     2 |     7 ||    11
       Unarmed           |       |       |   138 |   407 ||   545
Invok: Berserk           |     4 |     6 |    10 |    17 ||    37
  Use: Scroll            |     3 |       |    11 |     4 ||    18
 Stab: Sleeping          |     3 |       |       |       ||     3
       Distracted        |       |       |       |     3 ||     3
  Eat: Chunk             |     7 |     9 |    14 |    26 ||    56
       Ration            |       |     1 |     2 |     2 ||     5
Armor: Animal skin       |    15 |       |       |       ||    15
       Chain mail        |    16 |    74 |   150 |       ||   240
       Plate armour      |       |       |    54 |   179 ||   233
Dodge: Dodged            |    68 |    58 |   152 |    96 ||   374
Block: Other             |       |       |    18 |    22 ||    40
       Reflection        |       |       |       |     1 ||     1
       Rpst.: Falchion   |    19 |    20 |    34 |       ||    73
